 Dungeon Crawl Stone Soup version 0.30.1-11-g7821555f0a (webtiles) character file.

Game seed: 15711388481476730340

18 lonewolfV2 the Trooper (level 2, 0/42 HPs)
             Began as a Minotaur Fighter on Nov 9, 2023.
             Succumbed to a kobold's poison
             ... on level 1 of the Dungeon.
             The game lasted 00:00:54 (194 turns).

lonewolfV2 the Trooper (Minotaur Fighter)            Turns: 194, Time: 00:00:55

Health: 0/42       AC: 21    Str: 17 (20) XL:     2   Next: 51%
Magic:  1/1        EV:  2    Int:  1 (3)  God:
Gold:   36         SH:  4    Dex:  8 (9)  Spells: 1/1 levels left

rFire   . . .        a - +0 war axe
rCold   . . .        c - +0 buckler
rNeg    . . .        b - melded +0 scale mail
rPois   +            (helmet currently unavailable)
rElec   .            (cloak currently unavailable)
rCorr   .            h - melded +0 pair of gloves {hurl}
SInv    .            (boots currently unavailable)
Will    .....        (no amulet)
Stlth   +            (no ring)
HPRegen 0.27/turn    (no ring)
MPRegen 0.07/turn

%: clarity
@: lethally poisoned (0 -> -1), tree-form, invisible
A: stationary, stasis, torment immunity, boosted hp, (horns 2), (retaliatory
headbutt), clarity, dopey 1
a: no special abilities


You were on level 1 of the Dungeon.
You were a tree.
You visited 1 branch of the dungeon, and saw 1 of its levels.

You collected 36 gold pieces.

Inventory:

Hand Weapons
 a - a +0 war axe (weapon)
Armour
 b - a +0 scale mail (melded)
 c - a +0 buckler (worn)
 h - a +0 pair of gloves of hurling (melded)
Scrolls
 e - a scroll of identify {unknown}
Potions
 d - a potion of might
 g - a potion of invisibility


   Skills:
 + Level 4.7 Fighting
 - Level 2.4 Axes
 - Level 3.6 Armour
 - Level 3.6 Shields


You had one spell level left.
You didn't know any spells.
Your spell library contained the following spells:

 Spells                   Type           Power      Damage    Failure   Level
 Summon Forest            Summ/Tloc      0%         N/A       100%        5
 Summon Mana Viper        Hex/Summ       0%         N/A       100%        5
 Summon Cactus Giant      Summ           0%         N/A       100%        6


Dungeon Overview and Level Annotations

Branches:
Dungeon (1/15)

Altars:


Innate Abilities, Weirdness & Mutations

You are a tree.
Your roots penetrate the ground, keeping you stationary.
You cannot be teleported.
You are immune to unholy pain and torment.
Your maximum health is greatly increased.
Your equipment is partially melded.
((You have a pair of horns on your head.))
((You reflexively headbutt those who attack you in melee.))
You possess an exceptional clarity of mind.
You are dopey. (Int -2)


Message History

You hit the kobold but do no damage. You headbutt the kobold.
You kill the kobold!
* * * LOW HITPOINT WARNING * * *
You feel very sick.
There is a lethal amount of poison in your body!
It was a potion of invisibility.
You fade into invisibility!
* * * LOW HITPOINT WARNING * * *
You feel sick.
It was a potion of flight.
You feel very buoyant.
You fly up into the air.
* * * LOW HITPOINT WARNING * * *
You feel sick.
It was a potion of lignification.
You turn into a tree.
Your +0 pair of gloves of hurling melds into your body.
Your +0 scale mail melds into your body.
Your aim is not that steady anymore.
Your roots penetrate the ground.
* * * LOW HITPOINT WARNING * * *
You feel sick.
Okay, then.
It was a potion of mutation.
You feel extremely strange.
You feel stupid.
Your thoughts seem clearer.
* * * LOW HITPOINT WARNING * * *
You feel sick.
It was a potion of degeneration.
There was something very wrong with that liquid.
You feel weakened.
You feel dopey.
You feel clumsy.
* * * LOW HITPOINT WARNING * * *
You feel sick.
Okay, then.
There is a lethal amount of poison in your body!
There is a lethal amount of poison in your body!
There is a lethal amount of poison in your body!
There is a lethal amount of poison in your body!
* * * LOW HITPOINT WARNING * * *
You feel sick.
* * * LOW HITPOINT WARNING * * *
You feel sick.
You die...

........[....#. .#
.................#
.............#...#
.........[...#...##
#...........?...).# ##
.................. .#
#.....†)......#.####.#
#.♣...##......#.###
......####..).........[.
.#... #$...........###
#.. .....#..........##.
#. ..#####..........##.
# #..........##.
#.............
..............).
##>.........###.


There were no monsters in sight!

Vanquished Creatures
  A ball python (D:1)
  3 bats (D:1)
  3 endoplasms (D:1)
  A goblin (D:1)
  3 frilled lizards (D:1)
  5 kobolds (D:1)
  A rat (D:1)
17 creatures vanquished.

Notes
Turn   | Place    | Note
-------+----------+-------------------------------------------
     0 | D:1      | lonewolfV2 the Minotaur Fighter began the quest for the
                  | Orb.
     0 | D:1      | Reached XP level 1. HP: 19/19 MP: 0/0
    59 | D:1      | Reached skill level 4 in Fighting
   120 | D:1      | Reached XP level 2. HP: 28/28 MP: 1/1
   190 | D:1      | Gained mutation: You are dopey. (Int -2) [potion of
                  | mutation]
   190 | D:1      | Gained mutation: You possess an exceptional clarity of
                  | mind. [potion of mutation]
   191 | D:1      | HP: 2/42 [poisoned by a kobold]
   194 | D:1      | Succumbed to a kobold's poison

Illustrated notes

Levels and vault maps discovered:
D:1:      ebering_trefoil_twist, layout_rooms, chequers_serial_rivers_small_b

Skill      XL: |  1 |
---------------+----+-----
Fighting       | 4 |  4.7
Axes           | |  2.4
Armour         | |  3.6
Shields        | |  3.6

Action                     || total
---------------------------++-------
  Melee: War axe           ||    37
         Headbutt          ||     5
    Use: Potion            ||     5
 Armour: Scale mail        ||    29
  Dodge: Dodged            ||    33
  Block: Buckler           ||    14
